AoeStats
← somohano89

Nomad

505803279Analyzed
4v4 RM · 22d ago on Sep 11, 2026· 52m 1s· 8 players
Game mode
Random Map
Map size
231×231
Population
200
Speed
Normal
Resources
Standard
Victory
Conquest
Starting age
Dark Age
Ending age
Imperial Age
RankedLock teamsTeams togetherTeam positionsShared explorationLock speedFull tech treeHidden civsTurbo modeCheats
Victory
Defeat
🇳🇴 Mongols · Norway
1212
+14
🇵🇪 Huns · Peru
1208
+14
🇨🇦 Dravidians · Canada
1169
+16
🇺🇸 Japanese · United States
1168
+16
🇲🇽 Dravidians · Mexico
1265
-18
🇺🇸 Vietnamese · United States
1234
-18
🇵🇪 Bohemians · Peru
1109
-13
🇲🇽 Magyars · Mexico
1073
-11
Thor Odinson
2:59 Loom
8:55 Loom
15:38 Feudal Age
21:15 Castle Age
19:10 Fishing Lines
22:27 Gillnets
23:23 Scale Mail Armor
23:33 Forging
24:33 Double-Bit Axe
40:04 Wheelbarrow
40:38 Chain Mail Armor
40:59 Iron Casting
41:26 Hand Cart
42:26 Town Watch
44:32 Gold Mining
46:05 Town Patrol
48:23 Arson
48:38 Squires
53:06 Imperial Age
eward17
Gin
4:48 Loom
13:31 Feudal Age
16:04 Wheelbarrow
18:56 Castle Age
17:52 Stone Mining
18:50 Fletching
24:36 Bodkin Arrow
25:59 Double-Bit Axe
26:50 Scale Mail Armor
27:02 Forging
26:58 Scale Barding Armor
27:49 Husbandry
31:37 Bloodlines
34:33 Horse Collar
40:13 Imperial Age
38:51 Chain Barding Armor
39:14 Iron Casting
39:23 Heavy Plow
40:19 Elite Steppe Lancer
42:44 Blast Furnace
43:12 Capped Ram
44:17 Conscription
44:23 Hand Cart
44:52 Bow Saw
45:34 Siege Ram
47:44 Drill
47:39 Bracer
47:41 Padded Archer Armor
49:55 Thumb Ring
50:26 Parthian Tactics
50:24 Ballistics
51:04 Chemistry
50:10 Siege Engineers
50:01 Murder Holes
50:21 Nomads
50:59 Hoardings
50:14 Town Watch
49:53 Light Cavalry
50:52 Leather Archer Armor
51:38 Elite Mangudai
Unknown
13:49 Feudal Age
17:28 Castle Age
15:26 Horse Collar
16:39 Double-Bit Axe
18:24 Bow Saw
23:08 Heavy Plow
25:52 Wheelbarrow
25:02 Loom
30:48 Imperial Age
28:47 Hand Cart
29:14 Marauders
30:08 Scale Barding Armor
30:24 Forging
30:21 Town Watch
31:00 Husbandry
31:11 Bloodlines
31:37 Town Patrol
32:31 Elite Tarkan
33:46 Chain Barding Armor
34:25 Iron Casting
35:36 Plate Barding Armor
36:11 Blast Furnace
RickySuSo
5:52 Loom
15:01 Feudal Age
20:27 Forging
22:47 Town Watch
25:36 Castle Age
25:09 Fletching
27:12 Elite Skirmisher
11++
3:13 Loom
14:49 Feudal Age
19:25 Horse Collar
20:52 Double-Bit Axe
21:45 Scale Barding Armor
24:42 Fletching
28:19 Castle Age
26:36 Town Watch
27:47 Padded Archer Armor
28:29 Elite Skirmisher
29:37 Bodkin Arrow
29:55 Squires
31:46 Leather Archer Armor
37:17 Imperial Age
37:46 Bow Saw
39:03 Conscription
39:15 Heavy Plow
39:23 Bracer
41:54 Ring Archer Armor
41:09 Pikeman
42:00 Scale Mail Armor
43:35 Forging
45:57 Iron Casting
45:37 Chain Mail Armor
45:09 Imperial Skirmisher
45:43 Light Cavalry
46:23 Husbandry
somohano89
7:34 Loom
16:25 Feudal Age
18:08 Double-Bit Axe
18:07 Horse Collar
20:30 Castle Age
20:11 Scale Barding Armor
22:17 Bloodlines
22:08 Husbandry
29:52 Town Watch
47:52 Corvinian Army
NTM.Barce
12:09 Loom
14:30 Feudal Age
15:18 Town Watch
15:45 Fishing Lines
15:52 Double-Bit Axe
15:59 Stone Mining
19:56 Wheelbarrow
25:44 Castle Age
24:13 Horse Collar
24:25 Gold Mining
24:26 Fletching
26:15 Padded Archer Armor
26:18 Gillnets
26:39 Medium Warships
26:26 Bodkin Arrow
26:43 Bow Saw
28:40 Hand Cart
32:07 Imperial Age
31:17 Ballistics
31:14 Murder Holes
33:45 Fortified Wall
40:45 Bracer
Connection lost

Rejoining the realm…

Still unreachable

The connection could not be restored.

Session expired

The server has moved on; the page needs a fresh start.